Sabres vs Stars

Created - 29 novembre 2019 at 20:51

Goals
1 2 3 T
Sabres 1 0 0 1
Stars 0 1 3 4
Shots
1 2 3 T
Sabres 11 8 11 30
Stars 8 14 14 36

1st period

1. Sabres , Zach Hyman 5 (Andre Burakovsky 3, Ivan Provorov 3) at 9:15

Penalties :
Filip Hronek (BUF) for Hooking (Minor) at 6:12, Richard Panik (DAL) for Goalie Interference (Minor) at 12:56

2nd period

2. Stars , Adam Pelech 1 (Brandon Sutter 7, Gabriel Bourque 3) at 11:36

Penalties :
Ivan Provorov (BUF) for Tripping (Minor) at 12:00

3rd period

3. Stars , Mikko Rantanen 12 (Adam Henrique 11, Alec Martinez 3) at 9:17
4. Stars , Mikko Rantanen 13 (Adam Henrique 12, J.T. Compher 8) at 14:28
5. Stars , J.T. Compher 8 (Alexander Radulov 12, Thomas Chabot 10) at 19:41

Penalties :
Ryan Strome (DAL) for High sticking (Minor) at 15:44

Goalie Stats

Martin Jones (BUF), 32 saves from 36 shots - (0,889), L, 7-5-1, 60:00 minutes
Jaroslav Halak (DAL), 29 saves from 30 shots - (0,967), W, 4-2-1, 60:00 minutes

Players Stats for Sabres

Player Name              G  A  P  +/- PIM S  H  SB GA TA FO     MP     PP MP  PK MP  
------------------------------------------------------------------------------------
Andre Burakovsky         0  1  1  -1  0   2  1  0  2  1  0/0    12:09   0:03   1:03 
Andrew Copp              0  0  0   0  0   0  1  0  0  2  4/6    13:56   0:00   1:54 
Andrew MacDonald         0  0  0  -1  0   0  0  1  0  2  0/0    16:14   0:00   2:24 
Clayton Keller           0  0  0  -1  0   2  1  0  1  1  1/1    14:53   0:00   0:04 
David Backes             0  0  0  -1  0   1  1  0  0  2  3/6    10:35   0:00   0:00 
Erik Gudbranson          0  0  0  -1  0   2  0  0  0  1  0/0    16:46   0:32   2:24 
Filip Hronek             0  0  0  -1  2   2  0  2  0  0  0/0    24:24   1:38   0:50 
Ivan Provorov            0  1  1  -1  2   0  0  6  0  2  0/0    20:27   1:38   0:44 
Joonas Donskoi           0  0  0   0  0   1  0  0  0  0  0/0    12:31   0:03   0:00 
Josh Anderson            0  0  0  -1  0   2  1  0  0  0  1/3    16:48   2:13   0:43 
Kevin Hayes              0  0  0  -1  0   5  2  0  1  0  7/11   17:08   1:39   1:13 
Kevin Shattenkirk        0  0  0  -2  0   1  1  0  0  0  0/0    18:07   2:20   0:00 
Paul Stastny             0  0  0  -1  0   2  1  0  0  0  8/18   18:14   2:16   1:05 
Rickard Rakell           0  0  0  -1  0   2  1  1  1  0  0/0    16:08   1:39   0:00 
Roman Josi               0  0  0   0  0   1  1  0  1  2  0/0    24:52   1:48   1:34 
Tyler Ennis              0  0  0  -1  0   2  1  0  1  0  0/0    10:26   0:06   0:00 
Viktor Arvidsson         0  0  0  -1  0   3  2  0  1  1  0/2    16:44   2:16   0:00 
Zach Hyman               1  0  1   0  0   2  2  1  0  0  0/0    15:38   1:39   1:54 

Players Stats for Stars

Player Name              G  A  P  +/- PIM S  H  SB GA TA FO     MP     PP MP  PK MP  
------------------------------------------------------------------------------------
Adam Henrique            0  2  2   1  0   6  2  0  2  0  3/6    21:27   2:04   2:11 
Adam Pelech              1  0  1   1  0   1  0  0  0  0  0/0    14:06   0:00   1:27 
Alec Martinez            0  1  1   1  0   1  2  2  1  2  0/0    21:56   1:23   0:00 
Alexander Radulov        0  1  1   1  0   1  0  1  0  0  0/1    15:11   1:54   0:00 
Brandon Sutter           0  1  1   1  0   2  0  1  2  0  2/3     9:46   0:00   0:59 
Chris Tanev              0  0  0   1  0   0  1  1  0  0  0/0    22:45   1:23   2:31 
Colin Blackwell          0  0  0   1  0   0  1  0  1  0  0/0     8:15   0:00   0:00 
Danton Heinen            0  0  0   1  0   2  0  0  0  0  0/0    14:12   0:00   1:14 
Dion Phaneuf             0  0  0   1  0   1  0  0  0  0  0/0    12:39   0:00   0:00 
Dylan Strome             0  0  0   0  0   2  0  0  2  0  3/7    15:06   1:54   0:12 
Gabriel Bourque          0  1  1   2  0   1  1  1  0  1  0/3    11:14   0:00   0:00 
J.T. Compher             1  1  2   2  0   1  0  1  0  1  6/11   17:00   0:00   2:09 
Joe Thornton             0  0  0  -1  0   2  0  0  1  0  7/12   12:25   2:04   0:00 
John Klingberg           0  0  0   1  0   1  1  3  2  0  0/0    26:15   2:35   1:27 
Mikko Rantanen           2  0  2   1  0   8  3  2  1  1  1/1    19:16   2:04   0:00 
Richard Panik            0  0  0   0  2   1  1  0  0  2  0/1    14:12   0:00   0:35 
Ryan Strome              0  0  0   0  2   2  2  1  0  0  1/2    17:56   1:54   0:36 
Thomas Chabot            0  1  1   1  0   4  0  4  2  1  0/0    22:19   2:35   2:31 

3 Stars

1 - Mikko Rantanen (DAL)
2 - J.T. Compher (DAL)
3 - Jaroslav Halak (DAL)

Power Play

Sabres - 0 on 2 Attempt(s) - 0,00%
Stars - 0 on 2 Attempt(s) - 0,00%

Penalty Kill

Sabres - 2 on 2 Attempt(s) - 100,00% - Score 0 goal in Penalty Kill
Stars - 2 on 2 Attempt(s) - 100,00% - Score 0 goal in Penalty Kill

Team Stat

Sabres - Hits : 16 - Faceoff Wins : 24 - Blocked Shots : 11 - Penalty Minutes : 4
Stars - Hits : 14 - Faceoff Wins : 23 - Blocked Shots : 17 - Penalty Minutes : 4

Official

Referees : Greg Kimmerly and Frederick L'Ecuyer
Linesman : Vaughan Rody and Jonny Murray

Game Notes

9:15 of 1st period - Sabres goal is going for a video replay. After video review, Goal.
Joe Thornton is injured at 16:00 of 2nd period (Sprained Right Ankle)

Finance

Level 1 -- Attendance: 3936 (65,60%) -- Ticket Income 452 640 $
Level 2 -- Attendance: 3540 (70,80%) -- Ticket Income 265 500 $
Level 3 -- Attendance: 1367 (68,35%) -- Ticket Income 61 515 $
Level 4 -- Attendance: 2585 (64,63%) -- Ticket Income 77 550 $
Luxury Box -- Attendance: 636 (63,60%) -- Ticket Income 139 920 $
Game was played at the Dallas Arena.
Total Attendance: 12064 (67,02%)
Total Ticket Income: 997 125 $
Other Income: 488 591 $
Total Income: 1 485 716 $

Sabres

5 vs 5 Forward 
   Center                   Left Wing                Right Wing               Time % Phy DF OF 
 1 Paul Stastny             Viktor Arvidsson         Rickard Rakell           30     0   2  3  
 2 Kevin Hayes              Clayton Keller           Josh Anderson            27     0   2  3  
 3 Andrew Copp              Joonas Donskoi           Zach Hyman               23     0   2  3  
 4 David Backes             Andre Burakovsky         Tyler Ennis              20     0   3  2  

5 vs 5 Defense 
   Defense                  Defense                                           Time % Phy DF OF 
 1 Roman Josi               Filip Hronek                                      38     0   3  2  
 2 Ivan Provorov            Kevin Shattenkirk                                 35     0   3  2  
 3 Andrew MacDonald         Erik Gudbranson                                   27     0   3  2  
 4 Andrew MacDonald         Erik Gudbranson                                   0      0   3  2  

PowerPlay Forward 
   Center                   Left Wing                Right Wing               Time % Phy DF OF 
 1 Paul Stastny             Josh Anderson            Viktor Arvidsson         60     0   0  5  
 2 Kevin Hayes              Rickard Rakell           Zach Hyman               40     0   0  5  

PowerPlay Defense
   Defense                  Defense                                           Time % Phy DF OF 
 1 Roman Josi               Kevin Shattenkirk                                 59     0   1  4  
 2 Filip Hronek             Ivan Provorov                                     41     0   1  4  

Penalty Kill 4 Players Forward 
   Center                   Wing                     Time % Phy DF OF 
 1 Andrew Copp              Zach Hyman               65     0   4  1  
 2 Kevin Hayes              Josh Anderson            35     1   4  0  

Penalty Kill 4 Players Defense
   Defense                  Defense                  Time % Phy DF OF 
 1 Andrew MacDonald         Erik Gudbranson          65     0   5  0  
 2 Ivan Provorov            Roman Josi               35     0   5  0  

Penalty Kill - 3 Players Forward 
   Forward                                           Time % Phy DF OF 
 1 Andrew Copp                                       60     0   5  0  
 2 Kevin Hayes                                       40     0   5  0  

Penalty Kill - 3 Players Defense
   Defense                  Defense                  Time % Phy DF OF 
 1 Erik Gudbranson          Andrew MacDonald         60     0   5  0  
 2 Ivan Provorov            Roman Josi               40     0   5  0  

4 vs 4 Forward 
   Center                   Wing                     Time % Phy DF OF 
 1 Andrew Copp              Joonas Donskoi           50     1   1  3  
 2 David Backes             Andre Burakovsky         50     1   1  3  

4 vs 4 Defense
   Defense                  Defense                  Time % Phy DF OF 
 1 Andrew MacDonald         Filip Hronek             50     1   2  2  
 2 Roman Josi               Kevin Shattenkirk        50     1   2  2  

Last Minutes Offensive
   Center                   Left Wing                Right Wing               Defense                  Defense                  
   Paul Stastny             Viktor Arvidsson         Josh Anderson            Roman Josi               Ivan Provorov            

Last Minutes Defensive
   Center                   Left Wing                Right Wing               Defense                  Defense                  
   Kevin Hayes              Josh Anderson            Zach Hyman               Andrew MacDonald         Ivan Provorov            

Goaltenders
Starting : Martin Jones             
Backup : James Reimer             

Extra Forwards
Normal : Joonas Donskoi, Zach Hyman, Rickard Rakell - PP : Tyler Ennis, Joonas Donskoi - PK : Paul Stastny
Extra Defensemen
Normal : Kevin Shattenkirk, Filip Hronek, Ivan Provorov - PP : Erik Gudbranson - PK : Filip Hronek, Ivan Provorov
Penalty Shots
Kevin Shattenkirk, Andrew MacDonald, Erik Gudbranson, Roman Josi, Andrew Copp
Custom OT Lines Forwards
Kevin Hayes, Paul Stastny, Viktor Arvidsson, Rickard Rakell, Clayton Keller, Zach Hyman, Josh Anderson, Andre Burakovsky, Tyler Ennis, Andrew Copp
Custom OT Lines Defensemen
Roman Josi, Filip Hronek, Erik Gudbranson, Kevin Shattenkirk, Andrew MacDonald

Scratches
Rasmus Dahlin (Healthy), Pheonix Copley (Healthy)

Stars

5 vs 5 Forward 
   Center                   Left Wing                Right Wing               Time % Phy DF OF 
 1 Joe Thornton             Mikko Rantanen           Adam Henrique            35     0   2  3  
 2 J.T. Compher             Richard Panik            Alexander Radulov        28     0   2  3  
 3 Dylan Strome             Ryan Strome              Danton Heinen            25     0   3  2  
 4 Brandon Sutter           Colin Blackwell          Gabriel Bourque          12     1   4  0  

5 vs 5 Defense 
   Defense                  Defense                                           Time % Phy DF OF 
 1 Alec Martinez            John Klingberg                                    43     1   4  0  
 2 Thomas Chabot            Chris Tanev                                       32     1   4  0  
 3 Adam Pelech              Dion Phaneuf                                      15     1   4  0  
 4 Chris Tanev              John Klingberg                                    10     1   4  0  

PowerPlay Forward 
   Center                   Left Wing                Right Wing               Time % Phy DF OF 
 1 Joe Thornton             Mikko Rantanen           Adam Henrique            60     0   0  5  
 2 Dylan Strome             Ryan Strome              Alexander Radulov        40     0   0  5  

PowerPlay Defense
   Defense                  Defense                                           Time % Phy DF OF 
 1 Thomas Chabot            John Klingberg                                    60     0   1  4  
 2 Alec Martinez            Chris Tanev                                       40     0   1  4  

Penalty Kill 4 Players Forward 
   Center                   Wing                     Time % Phy DF OF 
 1 Adam Henrique            J.T. Compher             60     1   4  0  
 2 Ryan Strome              Richard Panik            40     1   4  0  

Penalty Kill 4 Players Defense
   Defense                  Defense                  Time % Phy DF OF 
 1 Chris Tanev              Thomas Chabot            60     1   4  0  
 2 John Klingberg           Adam Pelech              40     1   4  0  

Penalty Kill - 3 Players Forward 
   Forward                                           Time % Phy DF OF 
 1 Ryan Strome                                       60     1   3  1  
 2 J.T. Compher                                      40     1   4  0  

Penalty Kill - 3 Players Defense
   Defense                  Defense                  Time % Phy DF OF 
 1 Chris Tanev              Alec Martinez            60     1   4  0  
 2 John Klingberg           Dion Phaneuf             40     1   4  0  

4 vs 4 Forward 
   Center                   Wing                     Time % Phy DF OF 
 1 Joe Thornton             Alexander Radulov        60     1   2  2  
 2 Adam Henrique            J.T. Compher             40     1   2  2  

4 vs 4 Defense
   Defense                  Defense                  Time % Phy DF OF 
 1 John Klingberg           Alec Martinez            50     1   3  1  
 2 Thomas Chabot            Chris Tanev              50     1   3  1  

Last Minutes Offensive
   Center                   Left Wing                Right Wing               Defense                  Defense                  
   Adam Henrique            Mikko Rantanen           Alexander Radulov        Thomas Chabot            John Klingberg           

Last Minutes Defensive
   Center                   Left Wing                Right Wing               Defense                  Defense                  
   J.T. Compher             Richard Panik            Ryan Strome              Alec Martinez            Chris Tanev              

Goaltenders
Starting : Jaroslav Halak           
Backup : Mikko Koskinen           

Extra Forwards
Normal : Ryan Strome, Gabriel Bourque, J.T. Compher - PP : Richard Panik, Gabriel Bourque - PK : Ryan Strome
Extra Defensemen
Normal : John Klingberg, Thomas Chabot, Adam Pelech - PP : John Klingberg - PK : Thomas Chabot, Adam Pelech
Penalty Shots
Dylan Strome, Alexander Radulov, Adam Henrique, Ryan Strome, Richard Panik
Custom OT Lines Forwards
Joe Thornton, Mikko Rantanen, Adam Henrique, Alexander Radulov, Richard Panik, Dylan Strome, J.T. Compher, Brandon Sutter, Ryan Strome, Danton Heinen
Custom OT Lines Defensemen
John Klingberg, Thomas Chabot, Alec Martinez, Adam Pelech, Chris Tanev

Scratches
Francois Beauchemin (Healthy), Martin Ouellette (Healthy)

% Time on Ice - Sabres

Lines # - Real PCT - Wanted PCT - Time Play
Normal Forward
1 - 29% - 30% - 15:20
2 - 28% - 27% - 14:22
3 - 23% - 23% - 12:02
4 - 20% - 20% - 10:20
Normal Defense
1 - 38% - 38% - 19:59
2 - 35% - 35% - 18:15
3 - 26% - 27% - 13:34
4 - 1% - 0% - 0:16
PP Forward
1 - 58% - 60% - 2:19
2 - 42% - 40% - 1:39
PP Defense
1 - 59% - 59% - 2:20
2 - 41% - 41% - 1:38
PK Forward
1 - 82% - 65% - 3:15
2 - 18% - 35% - 0:43
PK Defense
1 - 61% - 65% - 2:24
2 - 39% - 35% - 1:34
PK3 Forward
1 - 0% - 60%
2 - 0% - 40%
PK3 Defense
1 - 0% - 60%
2 - 0% - 40%
44 Forward
1 - 0% - 50%
2 - 0% - 50%
44 Defense
1 - 0% - 50%
2 - 0% - 50%
Last Minute Offensive  - 0:00
Last Minute Defensive  - 0:00
Total
Forward - 60:00
Defense - 60:00

% Time on Ice - Stars

Lines # - Real PCT - Wanted PCT - Time Play
Normal Forward
1 - 33% - 35% - 17:12
2 - 28% - 28% - 14:34
3 - 23% - 25% - 12:03
4 - 16% - 12% - 8:15
Normal Defense
1 - 40% - 43% - 20:45
2 - 33% - 32% - 17:01
3 - 24% - 15% - 12:39
4 - 3% - 10% - 1:39
PP Forward
1 - 52% - 60% - 2:04
2 - 48% - 40% - 1:54
PP Defense
1 - 65% - 60% - 2:35
2 - 35% - 40% - 1:23
PK Forward
1 - 70% - 60% - 2:47
2 - 30% - 40% - 1:11
PK Defense
1 - 63% - 60% - 2:31
2 - 37% - 40% - 1:27
PK3 Forward
1 - 0% - 60%
2 - 0% - 40%
PK3 Defense
1 - 0% - 60%
2 - 0% - 40%
44 Forward
1 - 0% - 60%
2 - 0% - 40%
44 Defense
1 - 0% - 50%
2 - 0% - 50%
Last Minute Offensive  - 0:00
Last Minute Defensive  - 0:00
Total
Forward - 60:00
Defense - 60:00

Play-by-Play

1st period


0:01 of 1st period - Paul Stastny wins face-off versus Joe Thornton in neutral zone.
0:39 of 1st period - Snap shot by J.T. Compher.
0:39 of 1st period - Shot Misses the Net.
0:53 of 1st period - Joonas Donskoi is hit by Ryan Strome and loses puck.
1:02 of 1st period - Snap shot by Ryan Strome.
1:02 of 1st period - Deflect By Ivan Provorov.
1:02 of 1st period - Shot Blocked by Ivan Provorov.
1:02 of 1st period - Puck is out of play.
1:03 of 1st period - Brandon Sutter wins face-off versus David Backes in Sabres zone.
1:10 of 1st period - Snap shot by Brandon Sutter.
1:10 of 1st period - Shot Misses the Net.
1:12 of 1st period - Wrist shot by Gabriel Bourque.
1:12 of 1st period - Stopped by Martin Jones with a rebound.
1:53 of 1st period - Slapshot by Mikko Rantanen.
1:53 of 1st period - Shot Misses the Net.
2:02 of 1st period - Icing by Andrew MacDonald.
2:03 of 1st period - Dylan Strome wins face-off versus Andrew Copp in Sabres zone.
2:04 of 1st period - Backhand shot by Ryan Strome.
2:04 of 1st period - Shot Misses the Net.
2:06 of 1st period - Wrist shot by Dylan Strome.
2:06 of 1st period - Shot Misses the Net.
2:14 of 1st period - Snap shot by Danton Heinen.
2:14 of 1st period - Stopped by Martin Jones with a rebound.
2:16 of 1st period - Wrist shot by Dylan Strome.
2:16 of 1st period - Shot Blocked by Zach Hyman.
2:18 of 1st period - Wrist shot by Ryan Strome.
2:18 of 1st period - Stopped by Martin Jones without a rebound.
2:19 of 1st period - Joe Thornton wins face-off versus Paul Stastny in Sabres zone.
4:35 of 1st period - Off-side.
4:36 of 1st period - David Backes wins face-off versus Brandon Sutter in neutral zone.
4:49 of 1st period - Slapshot by Tyler Ennis.
4:49 of 1st period - Deflect By Andre Burakovsky.
4:49 of 1st period - Stopped by Jaroslav Halak with a rebound.
4:51 of 1st period - Slapshot by Erik Gudbranson.
4:51 of 1st period - Deflect By Tyler Ennis.
4:51 of 1st period - Shot Blocked by Brandon Sutter.
4:51 of 1st period - Puck is out of play.
4:52 of 1st period - Paul Stastny wins face-off versus J.T. Compher in Stars zone.
5:27 of 1st period - Snap shot by Clayton Keller.
5:27 of 1st period - Shot Blocked by Chris Tanev.
5:43 of 1st period - Slapshot by Tyler Ennis.
5:43 of 1st period - Shot Blocked by Ryan Strome.
5:45 of 1st period - Wrist shot by David Backes.
5:45 of 1st period - Stopped by Jaroslav Halak with a rebound.
5:47 of 1st period - Slapshot by Filip Hronek.
5:47 of 1st period - Shot Blocked by Thomas Chabot.
5:49 of 1st period - Slapshot by Roman Josi.
5:49 of 1st period - Stopped by Jaroslav Halak without a rebound.
5:50 of 1st period - J.T. Compher wins face-off versus Paul Stastny in Stars zone.
5:50 of 1st period - J.T. Compher is hit by Viktor Arvidsson.
6:12 of 1st period - Minor Penalty to Filip Hronek for Hooking.
6:13 of 1st period - Andrew Copp wins face-off versus Joe Thornton in Sabres zone.
8:12 of 1st period - Penalty to Filip Hronek is over, Filip Hronek is back on ice.
8:50 of 1st period - Kevin Hayes is hit by Richard Panik and loses puck.
9:13 of 1st period - Snap shot by Zach Hyman.
9:13 of 1st period - Shot Misses the Net.
9:15 of 1st period - Wrist shot by Zach Hyman.
9:15 of 1st period - Sabres goal is going for a video replay.
9:15 of 1st period - The goal is good.
9:15 of 1st period - Goal by Zach Hyman - Sabres : 1 - Stars : 0.
9:16 of 1st period - Clayton Keller wins face-off versus Joe Thornton in neutral zone.
9:19 of 1st period - John Klingberg is hit by Clayton Keller and loses puck.
9:44 of 1st period - Snap shot by Ryan Strome.
9:44 of 1st period - Stopped by Martin Jones with a rebound.
10:12 of 1st period - J.T. Compher is hit by Zach Hyman and loses puck.
11:08 of 1st period - Icing by Ivan Provorov.
11:09 of 1st period - Kevin Hayes wins face-off versus Joe Thornton in Sabres zone.
11:14 of 1st period - Snap shot by Joe Thornton.
11:14 of 1st period - Stopped by Martin Jones with a rebound.
11:18 of 1st period - Backhand shot by Mikko Rantanen.
11:18 of 1st period - Shot Misses the Net.
11:20 of 1st period - Wrist shot by Joe Thornton.
11:20 of 1st period - Shot Blocked by Ivan Provorov.
11:22 of 1st period - Wrist shot by Joe Thornton.
11:22 of 1st period - Shot Misses the Net.
11:24 of 1st period - Slapshot by Dion Phaneuf.
11:24 of 1st period - Deflect By Kevin Shattenkirk.
11:24 of 1st period - Stopped by Martin Jones with a rebound.
11:26 of 1st period - Slapshot by Mikko Rantanen.
11:26 of 1st period - Shot Misses the Net.
11:48 of 1st period - Wrist shot by Zach Hyman.
11:48 of 1st period - Stopped by Jaroslav Halak with a rebound.
11:58 of 1st period - Snap shot by Clayton Keller.
11:58 of 1st period - Shot Misses the Net.
12:00 of 1st period - Wrist shot by Kevin Hayes.
12:00 of 1st period - Shot Misses the Net.
12:02 of 1st period - Snap shot by Erik Gudbranson.
12:02 of 1st period - Deflect By Dylan Strome.
12:02 of 1st period - Stopped by Jaroslav Halak without a rebound.
12:03 of 1st period - David Backes wins face-off versus Dylan Strome in Stars zone.
12:31 of 1st period - Snap shot by Adam Henrique.
12:31 of 1st period - Deflect By Mikko Rantanen.
12:31 of 1st period - Stopped by Martin Jones with a rebound.
12:56 of 1st period - Minor Penalty to Richard Panik for Goalie Interference.
12:57 of 1st period - Paul Stastny wins face-off versus Adam Henrique in Stars zone.
13:03 of 1st period - Snap shot by Paul Stastny.
13:03 of 1st period - Deflect By J.T. Compher.
13:03 of 1st period - Stopped by Jaroslav Halak with a rebound.
13:05 of 1st period - Slapshot by Josh Anderson.
13:05 of 1st period - Stopped by Jaroslav Halak without a rebound.
13:06 of 1st period - Adam Henrique wins face-off versus Paul Stastny in Stars zone.
13:27 of 1st period - Snap shot by Viktor Arvidsson.
13:27 of 1st period - Stopped by Jaroslav Halak without a rebound.
13:28 of 1st period - Kevin Hayes wins face-off versus Adam Henrique in Stars zone.
13:35 of 1st period - Snap shot by Rickard Rakell.
13:35 of 1st period - Shot Misses the Net.
13:37 of 1st period - Slapshot by Ivan Provorov.
13:37 of 1st period - Shot Misses the Net.
14:01 of 1st period - Chris Tanev is hit by Josh Anderson and loses puck.
14:56 of 1st period - Penalty to Richard Panik is over, Richard Panik is back on ice.
15:14 of 1st period - Slapshot by Gabriel Bourque.
15:14 of 1st period - Shot Blocked by Filip Hronek.
15:39 of 1st period - Icing by Mikko Rantanen.
15:40 of 1st period - Kevin Hayes wins face-off versus J.T. Compher in Stars zone.
15:41 of 1st period - Snap shot by Clayton Keller.
15:41 of 1st period - Stopped by Jaroslav Halak without a rebound.
15:42 of 1st period - Kevin Hayes wins face-off versus J.T. Compher in Stars zone.
15:58 of 1st period - Off-side.
15:59 of 1st period - Joe Thornton wins face-off versus Paul Stastny in neutral zone.
16:02 of 1st period - Erik Gudbranson is hit by Mikko Rantanen and loses puck.
16:15 of 1st period - Wrist shot by Mikko Rantanen.
16:15 of 1st period - Shot Blocked by Rickard Rakell.
16:37 of 1st period - Zach Hyman is hit by John Klingberg and loses puck.
16:54 of 1st period - Wrist shot by Alexander Radulov.
16:54 of 1st period - Shot Misses the Net.
17:21 of 1st period - Snap shot by Tyler Ennis.
17:21 of 1st period - Stopped by Jaroslav Halak with a rebound.
18:57 of 1st period - Kevin Shattenkirk is hit by Gabriel Bourque and loses puck.
19:10 of 1st period - Wrist shot by Viktor Arvidsson.
19:10 of 1st period - Shot Misses the Net.
19:28 of 1st period - Wrist shot by Dylan Strome.
19:28 of 1st period - Stopped by Martin Jones with a rebound.
19:30 of 1st period - Slapshot by John Klingberg.
19:30 of 1st period - Deflect By Dylan Strome.
19:30 of 1st period - Shot Misses the Net.
19:30 of 1st period - Puck is out of play.
19:31 of 1st period - Joe Thornton wins face-off versus Paul Stastny in Sabres zone.
19:38 of 1st period - Backhand shot by Adam Henrique.
19:38 of 1st period - Shot Misses the Net.
Goals for this period are 1 for Sabres vs 0 for Stars.
Shots for this period are 11 for Sabres vs 8 for Stars.

2nd period


0:01 of 2nd period - Joe Thornton wins face-off versus Kevin Hayes in neutral zone.
0:04 of 2nd period - Snap shot by Mikko Rantanen.
0:04 of 2nd period - Shot Misses the Net.
0:14 of 2nd period - Snap shot by Clayton Keller.
0:14 of 2nd period - Shot Misses the Net.
0:16 of 2nd period - Wrist shot by Kevin Hayes.
0:16 of 2nd period - Stopped by Jaroslav Halak with a rebound.
0:26 of 2nd period - Joe Thornton is hit by Roman Josi and loses puck.
0:37 of 2nd period - Snap shot by Joonas Donskoi.
0:37 of 2nd period - Shot Blocked by Mikko Rantanen.
0:39 of 2nd period - Wrist shot by Andrew Copp.
0:39 of 2nd period - Shot Misses the Net.
0:51 of 2nd period - Snap shot by Viktor Arvidsson.
0:51 of 2nd period - Stopped by Jaroslav Halak without a rebound.
0:52 of 2nd period - J.T. Compher wins face-off versus Paul Stastny in Stars zone.
1:01 of 2nd period - Wrist shot by Alexander Radulov.
1:01 of 2nd period - Shot Blocked by Andrew MacDonald.
1:03 of 2nd period - Slapshot by J.T. Compher.
1:03 of 2nd period - Shot Misses the Net.
1:05 of 2nd period - Snap shot by Richard Panik.
1:05 of 2nd period - Shot Misses the Net.
1:07 of 2nd period - Snap shot by Thomas Chabot.
1:07 of 2nd period - Stopped by Martin Jones with a rebound.
1:09 of 2nd period - Slapshot by Thomas Chabot.
1:09 of 2nd period - Stopped by Martin Jones without a rebound.
1:10 of 2nd period - Dylan Strome wins face-off versus Kevin Hayes in Sabres zone.
1:44 of 2nd period - Wrist shot by Joe Thornton.
1:44 of 2nd period - Stopped by Martin Jones with a rebound.
1:46 of 2nd period - Slapshot by Joe Thornton.
1:46 of 2nd period - Shot Blocked by Filip Hronek.
1:59 of 2nd period - Off-side.
2:00 of 2nd period - Andrew Copp wins face-off versus Alexander Radulov in neutral zone.
2:53 of 2nd period - Snap shot by Clayton Keller.
2:53 of 2nd period - Shot Blocked by John Klingberg.
2:55 of 2nd period - Wrist shot by Clayton Keller.
2:55 of 2nd period - Stopped by Jaroslav Halak without a rebound.
2:56 of 2nd period - Paul Stastny wins face-off versus J.T. Compher in Stars zone.
3:23 of 2nd period - Roman Josi is hit by Adam Henrique and loses puck.
3:32 of 2nd period - Wrist shot by Mikko Rantanen.
3:32 of 2nd period - Stopped by Martin Jones with a rebound.
3:34 of 2nd period - Snap shot by Adam Henrique.
3:34 of 2nd period - Stopped by Martin Jones with a rebound.
3:36 of 2nd period - Wrist shot by Adam Henrique.
3:36 of 2nd period - Stopped by Martin Jones without a rebound.
3:37 of 2nd period - Paul Stastny wins face-off versus Dylan Strome in Sabres zone.
3:37 of 2nd period - Paul Stastny is hit by Alec Martinez.
3:51 of 2nd period - Snap shot by Danton Heinen.
3:51 of 2nd period - Shot Blocked by Ivan Provorov.
3:53 of 2nd period - Wrist shot by Ryan Strome.
3:53 of 2nd period - Shot Blocked by Ivan Provorov.
5:47 of 2nd period - Off-side.
5:48 of 2nd period - J.T. Compher wins face-off versus David Backes in neutral zone.
5:57 of 2nd period - Snap shot by Alexander Radulov.
5:57 of 2nd period - Stopped by Martin Jones without a rebound.
5:58 of 2nd period - Joe Thornton wins face-off versus Viktor Arvidsson in Sabres zone.
6:25 of 2nd period - Ryan Strome is hit by Andrew Copp and loses puck.
7:24 of 2nd period - Mikko Rantanen is hit by Paul Stastny and loses puck.
8:33 of 2nd period - Wrist shot by Thomas Chabot.
8:33 of 2nd period - Shot Misses the Net.
8:53 of 2nd period - Wrist shot by Mikko Rantanen.
8:53 of 2nd period - Stopped by Martin Jones with a rebound.
9:26 of 2nd period - Wrist shot by J.T. Compher.
9:26 of 2nd period - Shot Hit the Post.
9:44 of 2nd period - Snap shot by Brandon Sutter.
9:44 of 2nd period - Shot Misses the Net.
9:46 of 2nd period - Snap shot by Brandon Sutter.
9:46 of 2nd period - Deflect By Erik Gudbranson.
9:46 of 2nd period - Stopped by Martin Jones without a rebound.
9:47 of 2nd period - Joe Thornton wins face-off versus Josh Anderson in Sabres zone.
9:48 of 2nd period - Snap shot by Mikko Rantanen.
9:48 of 2nd period - Shot Blocked by Ivan Provorov.
9:50 of 2nd period - Slapshot by Alec Martinez.
9:50 of 2nd period - Stopped by Martin Jones without a rebound.
9:51 of 2nd period - Mikko Rantanen wins face-off versus Josh Anderson in Sabres zone.
11:34 of 2nd period - Slapshot by Brandon Sutter.
11:34 of 2nd period - Stopped by Martin Jones with a rebound.
11:36 of 2nd period - Snap shot by Adam Pelech.
11:36 of 2nd period - Goal by Adam Pelech - Sabres : 1 - Stars : 1.
11:37 of 2nd period - Joe Thornton wins face-off versus Paul Stastny in neutral zone.
11:44 of 2nd period - Wrist shot by Adam Henrique.
11:44 of 2nd period - Stopped by Martin Jones with a rebound.
11:46 of 2nd period - Snap shot by Mikko Rantanen.
11:46 of 2nd period - Shot Misses the Net.
11:48 of 2nd period - Snap shot by Joe Thornton.
11:48 of 2nd period - Shot Misses the Net.
11:50 of 2nd period - Snap shot by Mikko Rantanen.
11:50 of 2nd period - Stopped by Martin Jones with a rebound.
11:52 of 2nd period - Slapshot by Thomas Chabot.
11:52 of 2nd period - Shot Misses the Net.
11:54 of 2nd period - Slapshot by Adam Henrique.
11:54 of 2nd period - Shot Misses the Net.
12:00 of 2nd period - Minor Penalty to Ivan Provorov for Tripping.
12:01 of 2nd period - Andrew Copp wins face-off versus Joe Thornton in Sabres zone.
12:54 of 2nd period - Alexander Radulov is hit by Kevin Hayes and loses puck.
14:00 of 2nd period - Penalty to Ivan Provorov is over, Ivan Provorov is back on ice.
14:32 of 2nd period - Snap shot by Viktor Arvidsson.
14:32 of 2nd period - Deflect By Paul Stastny.
14:32 of 2nd period - Stopped by Jaroslav Halak with a rebound.
14:34 of 2nd period - Snap shot by Paul Stastny.
14:34 of 2nd period - Shot Misses the Net.
14:36 of 2nd period - Wrist shot by Rickard Rakell.
14:36 of 2nd period - Stopped by Jaroslav Halak with a rebound.
15:22 of 2nd period - Andrew MacDonald is hit by Mikko Rantanen.
15:44 of 2nd period - Chris Tanev is hit by Zach Hyman and loses puck.
15:59 of 2nd period - Joe Thornton is hit by Tyler Ennis and loses puck.
16:00 of 2nd period - Joe Thornton from Stars is injured at 16:00 of 2nd period (Sprained Right Ankle).
16:01 of 2nd period - Josh Anderson wins face-off versus Dylan Strome in Stars zone.
16:06 of 2nd period - Snap shot by Kevin Hayes.
16:06 of 2nd period - Shot Blocked by John Klingberg.
16:14 of 2nd period - Snap shot by Clayton Keller.
16:14 of 2nd period - Deflect By Josh Anderson.
16:14 of 2nd period - Stopped by Jaroslav Halak with a rebound.
16:16 of 2nd period - Snap shot by Kevin Hayes.
16:16 of 2nd period - Stopped by Jaroslav Halak with a rebound.
16:18 of 2nd period - Slapshot by Roman Josi.
16:18 of 2nd period - Shot Blocked by Alec Martinez.
16:36 of 2nd period - Slapshot by Kevin Shattenkirk.
16:36 of 2nd period - Stopped by Jaroslav Halak with a rebound.
16:38 of 2nd period - Snap shot by David Backes.
16:38 of 2nd period - Shot Misses the Net.
17:30 of 2nd period - Kevin Shattenkirk is hit by Colin Blackwell and loses puck.
19:15 of 2nd period - Rickard Rakell is hit by Alec Martinez and loses puck.
19:34 of 2nd period - Wrist shot by Clayton Keller.
19:34 of 2nd period - Shot Misses the Net.
Goals for this period are 0 for Sabres vs 1 for Stars.
Shots for this period are 8 for Sabres vs 14 for Stars.

3rd period


0:01 of 3rd period - Kevin Hayes wins face-off versus Adam Henrique in neutral zone.
0:06 of 3rd period - Mikko Rantanen is hit by Kevin Hayes and loses puck.
0:49 of 3rd period - Slapshot by Filip Hronek.
0:49 of 3rd period - Stopped by Jaroslav Halak with a rebound.
1:09 of 3rd period - Snap shot by Mikko Rantanen.
1:09 of 3rd period - Deflect By Adam Henrique.
1:09 of 3rd period - Stopped by Martin Jones without a rebound.
1:10 of 3rd period - Ryan Strome wins face-off versus Kevin Hayes in Sabres zone.
2:24 of 3rd period - Paul Stastny is hit by Mikko Rantanen and loses puck.
3:05 of 3rd period - Slapshot by Thomas Chabot.
3:05 of 3rd period - Stopped by Martin Jones with a rebound.
3:16 of 3rd period - Andrew MacDonald is hit by Ryan Strome and loses puck.
3:55 of 3rd period - Off-side.
3:56 of 3rd period - Adam Henrique wins face-off versus Andrew Copp in neutral zone.
4:19 of 3rd period - Slapshot by Alec Martinez.
4:19 of 3rd period - Shot Misses the Net.
4:29 of 3rd period - Wrist shot by Adam Henrique.
4:29 of 3rd period - Stopped by Martin Jones with a rebound.
4:43 of 3rd period - Wrist shot by Joonas Donskoi.
4:43 of 3rd period - Stopped by Jaroslav Halak without a rebound.
4:44 of 3rd period - J.T. Compher wins face-off versus Paul Stastny in Stars zone.
4:44 of 3rd period - J.T. Compher is hit by Viktor Arvidsson.
5:00 of 3rd period - Slapshot by Richard Panik.
5:00 of 3rd period - Stopped by Martin Jones without a rebound.
5:01 of 3rd period - Kevin Hayes wins face-off versus Dylan Strome in Sabres zone.
5:37 of 3rd period - Snap shot by Paul Stastny.
5:37 of 3rd period - Shot Misses the Net.
5:48 of 3rd period - Off-side.
5:49 of 3rd period - Brandon Sutter wins face-off versus David Backes in neutral zone.
5:52 of 3rd period - Slapshot by Thomas Chabot.
5:52 of 3rd period - Shot Blocked by Ivan Provorov.
6:02 of 3rd period - Snap shot by Tyler Ennis.
6:02 of 3rd period - Stopped by Jaroslav Halak with a rebound.
6:04 of 3rd period - Snap shot by Andre Burakovsky.
6:04 of 3rd period - Stopped by Jaroslav Halak with a rebound.
6:22 of 3rd period - Snap shot by Adam Henrique.
6:22 of 3rd period - Stopped by Martin Jones with a rebound.
6:24 of 3rd period - Wrist shot by Adam Henrique.
6:24 of 3rd period - Shot Misses the Net.
6:26 of 3rd period - Snap shot by Mikko Rantanen.
6:26 of 3rd period - Shot Misses the Net.
6:48 of 3rd period - Backhand shot by Clayton Keller.
6:48 of 3rd period - Shot Blocked by J.T. Compher.
6:56 of 3rd period - Snap shot by Kevin Hayes.
6:56 of 3rd period - Stopped by Jaroslav Halak with a rebound.
7:04 of 3rd period - Snap shot by Dylan Strome.
7:04 of 3rd period - Shot Misses the Net.
7:34 of 3rd period - Ivan Provorov is hit by Adam Henrique and loses puck.
7:43 of 3rd period - Snap shot by Kevin Shattenkirk.
7:43 of 3rd period - Shot Blocked by Mikko Rantanen.
8:25 of 3rd period - Wrist shot by Brandon Sutter.
8:25 of 3rd period - Shot Misses the Net.
9:03 of 3rd period - Off-side.
9:04 of 3rd period - David Backes wins face-off versus Gabriel Bourque in neutral zone.
9:07 of 3rd period - Wrist shot by Andre Burakovsky.
9:07 of 3rd period - Shot Blocked by Gabriel Bourque.
9:15 of 3rd period - Wrist shot by Mikko Rantanen.
9:15 of 3rd period - Shot Misses the Net.
9:17 of 3rd period - Slapshot by Mikko Rantanen.
9:17 of 3rd period - Goal by Mikko Rantanen - Sabres : 1 - Stars : 2.
9:18 of 3rd period - Dylan Strome wins face-off versus Paul Stastny in neutral zone.
9:23 of 3rd period - Snap shot by Dylan Strome.
9:23 of 3rd period - Stopped by Martin Jones with a rebound.
9:31 of 3rd period - Snap shot by Rickard Rakell.
9:31 of 3rd period - Stopped by Jaroslav Halak with a rebound.
9:33 of 3rd period - Slapshot by Viktor Arvidsson.
9:33 of 3rd period - Stopped by Jaroslav Halak with a rebound.
9:35 of 3rd period - Slapshot by Roman Josi.
9:35 of 3rd period - Shot Blocked by Alec Martinez.
10:31 of 3rd period - Slapshot by Danton Heinen.
10:31 of 3rd period - Stopped by Martin Jones without a rebound.
10:32 of 3rd period - Kevin Hayes wins face-off versus Gabriel Bourque in Sabres zone.
10:43 of 3rd period - Snap shot by Thomas Chabot.
10:43 of 3rd period - Deflect By Kevin Hayes.
10:43 of 3rd period - Stopped by Martin Jones with a rebound.
10:59 of 3rd period - Snap shot by Clayton Keller.
10:59 of 3rd period - Shot Blocked by Thomas Chabot.
11:01 of 3rd period - Snap shot by Clayton Keller.
11:01 of 3rd period - Shot Blocked by Thomas Chabot.
11:03 of 3rd period - Slapshot by Erik Gudbranson.
11:03 of 3rd period - Shot Blocked by Alexander Radulov.
11:05 of 3rd period - Wrist shot by Kevin Hayes.
11:05 of 3rd period - Stopped by Jaroslav Halak with a rebound.
11:07 of 3rd period - Slapshot by Erik Gudbranson.
11:07 of 3rd period - Stopped by Jaroslav Halak with a rebound.
11:16 of 3rd period - Snap shot by Clayton Keller.
11:16 of 3rd period - Shot Blocked by Thomas Chabot.
11:18 of 3rd period - Slapshot by Kevin Hayes.
11:18 of 3rd period - Stopped by Jaroslav Halak without a rebound.
11:19 of 3rd period - Paul Stastny wins face-off versus Gabriel Bourque in Stars zone.
11:53 of 3rd period - Slapshot by Filip Hronek.
11:53 of 3rd period - Stopped by Jaroslav Halak with a rebound.
12:11 of 3rd period - Colin Blackwell is hit by Andre Burakovsky and loses puck.
12:35 of 3rd period - Icing by Filip Hronek.
12:36 of 3rd period - J.T. Compher wins face-off versus Kevin Hayes in Sabres zone.
12:53 of 3rd period - Wrist shot by Kevin Hayes.
12:53 of 3rd period - Shot Blocked by John Klingberg.
13:36 of 3rd period - Slapshot by Dylan Strome.
13:36 of 3rd period - Shot Misses the Net.
14:16 of 3rd period - Snap shot by John Klingberg.
14:16 of 3rd period - Stopped by Martin Jones without a rebound.
14:17 of 3rd period - J.T. Compher wins face-off versus Viktor Arvidsson in Sabres zone.
14:28 of 3rd period - Wrist shot by Mikko Rantanen.
14:28 of 3rd period - Goal by Mikko Rantanen - Sabres : 1 - Stars : 3.
14:29 of 3rd period - Paul Stastny wins face-off versus Richard Panik in neutral zone.
15:44 of 3rd period - Minor Penalty to Ryan Strome for High sticking.
15:45 of 3rd period - Adam Henrique wins face-off versus Paul Stastny in Stars zone.
15:54 of 3rd period - Adam Henrique is hit by Kevin Shattenkirk.
16:41 of 3rd period - Filip Hronek is hit by Chris Tanev and loses puck.
17:44 of 3rd period - Penalty to Ryan Strome is over, Ryan Strome is back on ice.
17:59 of 3rd period - John Klingberg is hit by David Backes and loses puck.
18:58 of 3rd period - J.T. Compher is hit by Rickard Rakell and loses puck.
19:04 of 3rd period - Icing by Alexander Radulov.
19:05 of 3rd period - Andrew Copp wins face-off versus J.T. Compher in Stars zone.
19:10 of 3rd period - Slapshot by Kevin Shattenkirk.
19:10 of 3rd period - Shot Misses the Net.
19:41 of 3rd period - Wrist shot by J.T. Compher.
19:41 of 3rd period - Goal by J.T. Compher - Sabres : 1 - Stars : 4.
19:42 of 3rd period - Paul Stastny wins face-off versus Ryan Strome in neutral zone.
19:57 of 3rd period - Slapshot by Mikko Rantanen.
19:57 of 3rd period - Stopped by Martin Jones with a rebound.
19:59 of 3rd period - Snap shot by Mikko Rantanen.
19:59 of 3rd period - Stopped by Martin Jones without a rebound.
Goals for this period are 0 for Sabres vs 3 for Stars.
Shots for this period are 11 for Sabres vs 14 for Stars. Output by the SimonT Hockey Simulator (STHS) for Eric Tremblay - Original Page W3C HTML5 Valid
Hockey Simulator - Hockey Simulation - Hockey Manager